2112 views
Uploaded 2022-09-26 00:11:15
Game version 1.33
65:36 long 2on2 ladder game on (5)CircleofFallenHeroes
Saved by Cabeelibob
2112 views
Uploaded 2022-09-26 00:11:15
Game version 1.33
65:36 long 2on2 ladder game on (5)CircleofFallenHeroes


180 units @ 23.3k
/ 4.5k
84 buildings @ 11.5k
/ 5.9k



| Scroll of Regeneration | 3 | 300 |
| Lesser Clarity Potion | 8 | 560 |
| Potion of Healing | 3 | 450 |
| Potion of Mana | 3 | 600 |
| Staff of Sanctuary | 1 | 250 |
| Orb of Fire | 1 | 325 |
| Scroll of Town Portal | 1 | 350 |
| Boots of Speed | 1 | 250 |
| Staff of Teleportation | 1 | 150 |
| Potion of Lesser Invulnerability | 1 | 150 |
| total: | 23 | 3385g |
| Peasant | 17 | 1275 | / | 0 |
| Footman | 5 | 675 | / | 0 |
| Dragonhawk Rider | 4 | 800 | / | 120 |
| Knight | 1 | 245 | / | 60 |
| Flying Machine | 51 | 5100 | / | 1530 |
| Rifleman | 2 | 410 | / | 60 |
| Green Drake | 1 | 365 | / | 80 |
| Green Dragon | 1 | 745 | / | 200 |
| total: | 82 | 9615g | / | 2050w |
| Scout Tower | 7 | 210 | / | 140 |
| Arcane Tower | 5 | 350 | / | 250 |
| Guard Tower | 2 | 140 | / | 100 |
| Altar of Kings | 1 | 180 | / | 50 |
| Farm | 11 | 880 | / | 220 |
| Barracks | 1 | 160 | / | 60 |
| Arcane Vault | 1 | 130 | / | 30 |
| Lumber Mill | 1 | 120 | / | 0 |
| Blacksmith | 1 | 140 | / | 60 |
| Town Hall | 3 | 1155 | / | 615 |
| Gryphon Aviary | 1 | 140 | / | 150 |
| Workshop | 2 | 280 | / | 280 |
| Keep | 1 | 320 | / | 210 |
| Castle | 1 | 360 | / | 210 |
| total: | 29 | 3395g | / | 1605w |
| 0:02 | Peasant |
| 0:03 | Peasant |
| 0:06 | Altar of Kings |
| 0:16 | Farm |
| 0:19 | Barracks |
| 0:24 | Peasant |
| 0:39 | Peasant |
| 0:47 | Farm |
| 0:49 | Farm |
| 0:55 | Peasant |
| 1:12 | Peasant |
| 1:20 | Footman |
| 1:27 | Peasant |
| 1:41 | Footman |
| 1:52 | Peasant |
| 1:54 | Farm |
| 2:07 | Footman |
| 2:10 | Storm Bolt |
| 2:22 | Scout Tower |
| 2:27 | Defend |
| 2:44 | Peasant |
| 2:44 | Peasant |
| 2:49 | Arcane Tower |
| 3:09 | Peasant |
| 3:15 | Footman |
| 3:18 | Arcane Vault |
| 3:45 | Bash |
| 3:59 | Peasant |
| 4:16 | Keep |
| 4:47 | Scroll of Regeneration |
| 4:48 | Lesser Clarity Potion |
| 4:56 | Farm |
| 4:58 | Scout Tower |
| 5:08 | Lumber Mill |
| 5:24 | Scroll of Regeneration |
| 5:30 | Arcane Tower |
| 5:36 | Footman |
| 6:24 | Boots of Speed |
| 6:25 | Staff of Teleportation |
| 6:27 | Storm Bolt |
| 7:00 | Farm |
| 7:02 | Castle |
| 7:34 | Gryphon Aviary |
| 7:48 | Blacksmith |
| 8:10 | Farm |
| 8:12 | Improved Masonry |
| 8:34 | Bash |
| 8:42 | Dragonhawk Rider |
| 9:08 | Scroll of Regeneration |
| 9:11 | Scroll of Town Portal |
| 9:12 | Potion of Healing |
| 9:13 | Potion of Mana |
| 9:13 | Lesser Clarity Potion |
| 9:13 | Lesser Clarity Potion |
| 9:36 | Iron Forged Swords |
| 9:38 | Cloud |
| 9:40 | Animal War Training |
| 9:55 | Holy Light |
| 10:42 | Iron Plating |
| 10:44 | Farm |
| 10:47 | Farm |
| 11:09 | Staff of Sanctuary |
| 11:14 | Siphon Mana |
| 12:29 | Divine Shield |
| 12:35 | Knight |
| 12:53 | Green Drake |
| 13:29 | Flame Strike |
| 13:38 | Town Hall |
| 13:47 | Farm |
| 14:50 | Farm |
| 15:26 | Green Dragon |
| 16:13 | Workshop |
| 16:19 | Workshop |
| 16:35 | Lesser Clarity Potion |
| 16:39 | Black Gunpowder |
| 16:43 | Potion of Mana |
| 16:50 | Peasant |
| 16:59 | Flak Cannons |
| 16:59 | Flying Machine |
| 17:01 | Flying Machine |
| 17:01 | Flying Machine |
| 17:17 | Steel Plating |
| 17:32 | Flying Machine |
| 17:33 | Flying Machine |
| 17:50 | Orb of Fire |
| 18:13 | Flying Machine |
| 18:28 | Flying Machine |
| 18:28 | Flying Machine |
| 18:35 | Peasant |
| 18:45 | Dragonhawk Rider |
| 18:51 | Refined Gunpowder |
| 18:59 | Flying Machine |
| 19:19 | Flying Machine |
| 19:19 | Flying Machine |
| 19:52 | Flying Machine |
| 19:52 | Flying Machine |
| 19:57 | Mithril Plating |
| 21:26 | Flying Machine |
| 21:26 | Flying Machine |
| 21:26 | Flying Machine |
| 21:26 | Flying Machine |
| 21:27 | Flying Machine |
| 21:44 | Storm Bolt |
| 22:27 | Dragonhawk Rider |
| 22:31 | Scout Tower |
| 23:01 | Flying Machine |
| 23:02 | Flying Machine |
| 23:02 | Flying Machine |
| 23:02 | Flying Machine |
| 23:23 | Guard Tower |
| 23:24 | Scout Tower |
| 23:36 | Guard Tower |
| 24:04 | Town Hall |
| 24:15 | Lesser Clarity Potion |
| 24:23 | Flying Machine |
| 24:24 | Flying Machine |
| 24:52 | Scout Tower |
| 25:00 | Flying Machine |
| 25:34 | Arcane Tower |
| 25:43 | Flying Machine |
| 25:43 | Flying Machine |
| 26:13 | Flying Machine |
| 26:59 | Flying Machine |
| 27:00 | Flying Machine |
| 27:02 | Lesser Clarity Potion |
| 28:21 | Flying Machine |
| 28:21 | Flying Machine |
| 28:34 | Holy Light |
| 28:37 | Siphon Mana |
| 28:41 | Flying Machine |
| 28:41 | Flying Machine |
| 28:41 | Flying Machine |
| 29:09 | Town Hall |
| 29:17 | Flying Machine |
| 29:18 | Flying Machine |
| 29:45 | Scout Tower |
| 30:17 | Flying Machine |
| 30:17 | Flying Machine |
| 30:21 | Arcane Tower |
| 30:23 | Scout Tower |
| 31:35 | Arcane Tower |
| 31:37 | Peasant |
| 32:17 | Flying Machine |
| 32:27 | Peasant |
| 32:40 | Potion of Healing |
| 32:48 | Flying Machine |
| 32:48 | Flying Machine |
| 32:54 | Peasant |
| 33:03 | Flying Machine |
| 33:16 | Potion of Mana |
| 33:16 | Lesser Clarity Potion |
| 33:37 | Flying Machine |
| 33:37 | Flying Machine |
| 34:14 | Flying Machine |
| 34:14 | Flying Machine |
| 34:15 | Flying Machine |
| 34:15 | Flying Machine |
| 35:11 | Rifleman |
| 35:14 | Flying Machine |
| 35:16 | Flying Machine |
| 36:10 | Rifleman |
| 36:41 | Dragonhawk Rider |
| 40:17 | Potion of Lesser Invulnerability |
| 55:14 | Potion of Healing |
| 57:00 | Divine Shield |
| 57:17 | Lesser Clarity Potion |
| 64:20 | Storm Bolt |
| Right click | 2380 |
| Select | 1227 |
| Select group | 268 |
| Build/train/purchase | 237 |
| Use ability | 124 |
| Misc. action | 101 |
| Assign group | 45 |
| Resource trade | 19 |
| Item give/drop | 17 |
| Remove unit | 2 |


| Scroll of Regeneration | 6 | 600 |
| Lesser Clarity Potion | 3 | 210 |
| Staff of Sanctuary | 2 | 500 |
| Scroll of Healing | 1 | 250 |
| Scroll of Town Portal | 3 | 1050 |
| Potion of Lesser Invulnerability | 1 | 150 |
| total: | 16 | 2760g |
| Peasant | 30 | 2250 | / | 0 |
| Footman | 14 | 1890 | / | 0 |
| Dragonhawk Rider | 7 | 1400 | / | 210 |
| Gryphon Rider | 16 | 4480 | / | 1120 |
| Flying Machine | 25 | 2500 | / | 750 |
| Siege Engine | 6 | 1170 | / | 360 |
| total: | 98 | 13690g | / | 2440w |
| Scout Tower | 17 | 510 | / | 340 |
| Arcane Tower | 3 | 210 | / | 150 |
| Guard Tower | 18 | 1260 | / | 900 |
| Altar of Kings | 1 | 180 | / | 50 |
| Barracks | 1 | 160 | / | 60 |
| Farm | 12 | 960 | / | 240 |
| Lumber Mill | 1 | 120 | / | 0 |
| Town Hall | 12 | 4620 | / | 2460 |
| Arcane Vault | 2 | 260 | / | 60 |
| Blacksmith | 2 | 280 | / | 120 |
| Gryphon Aviary | 3 | 420 | / | 450 |
| Workshop | 4 | 560 | / | 560 |
| Keep | 2 | 640 | / | 420 |
| Castle | 2 | 720 | / | 420 |
| total: | 55 | 8070g | / | 4340w |
| 0:03 | Peasant |
| 0:03 | Peasant |
| 0:05 | Altar of Kings |
| 0:20 | Barracks |
| 0:24 | Peasant |
| 0:34 | Farm |
| 0:40 | Peasant |
| 0:50 | Farm |
| 0:53 | Peasant |
| 1:05 | Peasant |
| 1:13 | Peasant |
| 1:21 | Footman |
| 1:27 | Farm |
| 1:30 | Peasant |
| 1:31 | Peasant |
| 1:44 | Footman |
| 1:44 | Footman |
| 1:51 | Peasant |
| 1:51 | Peasant |
| 2:05 | Footman |
| 2:05 | Footman |
| 2:07 | Summon Water Elemental |
| 2:19 | Footman |
| 2:21 | Peasant |
| 2:33 | Footman |
| 2:39 | Peasant |
| 2:43 | Farm |
| 2:53 | Footman |
| 2:53 | Footman |
| 3:11 | Lumber Mill |
| 3:23 | Brilliance Aura |
| 3:34 | Scout Tower |
| 3:43 | Town Hall |
| 3:47 | Scout Tower |
| 3:49 | Scout Tower |
| 3:52 | Scout Tower |
| 4:17 | Footman |
| 4:18 | Peasant |
| 4:21 | Arcane Tower |
| 4:37 | Footman |
| 4:47 | Arcane Tower |
| 4:49 | Summon Water Elemental |
| 4:56 | Guard Tower |
| 5:15 | Keep |
| 5:18 | Scout Tower |
| 5:21 | Scout Tower |
| 5:29 | Footman |
| 5:32 | Peasant |
| 5:36 | Arcane Vault |
| 5:58 | Guard Tower |
| 5:58 | Guard Tower |
| 6:23 | Peasant |
| 6:23 | Peasant |
| 6:34 | Peasant |
| 6:34 | Peasant |
| 6:42 | Footman |
| 6:52 | Scroll of Regeneration |
| 6:52 | Lesser Clarity Potion |
| 6:59 | Scroll of Regeneration |
| 6:59 | Lesser Clarity Potion |
| 7:03 | Peasant |
| 7:12 | Footman |
| 7:14 | Farm |
| 7:15 | Farm |
| 7:16 | Scout Tower |
| 7:17 | Scout Tower |
| 7:18 | Scout Tower |
| 7:20 | Improved Masonry |
| 7:37 | Castle |
| 7:41 | Gryphon Aviary |
| 7:47 | Scout Tower |
| 7:51 | Peasant |
| 7:51 | Peasant |
| 8:15 | Improved Lumber Harvesting |
| 8:26 | Gryphon Aviary |
| 9:04 | Storm Bolt |
| 9:10 | Town Hall |
| 9:15 | Gryphon Aviary |
| 9:23 | Blacksmith |
| 9:38 | Dragonhawk Rider |
| 9:39 | Farm |
| 9:54 | Dragonhawk Rider |
| 10:06 | Advanced Lumber Harvesting |
| 10:22 | Scroll of Regeneration |
| 10:22 | Lesser Clarity Potion |
| 10:30 | Storm Hammers |
| 10:36 | Cloud |
| 10:37 | Dragonhawk Rider |
| 10:48 | Workshop |
| 10:50 | Black Gunpowder |
| 10:59 | Guard Tower |
| 11:18 | Workshop |
| 11:20 | Blacksmith |
| 11:29 | Bash |
| 11:33 | Peasant |
| 11:34 | Peasant |
| 11:36 | Brilliance Aura |
| 11:44 | Scroll of Healing |
| 11:45 | Potion of Lesser Invulnerability |
| 11:49 | Farm |
| 11:50 | Farm |
| 11:52 | Farm |
| 12:00 | Farm |
| 12:01 | Farm |
| 12:16 | Peasant |
| 12:16 | Peasant |
| 12:16 | Peasant |
| 12:16 | Peasant |
| 12:25 | Flak Cannons |
| 13:02 | Gryphon Rider |
| 13:03 | Flying Machine |
| 13:03 | Flying Machine |
| 13:15 | Flying Machine |
| 13:29 | Flying Machine |
| 13:30 | Refined Gunpowder |
| 13:32 | Iron Plating |
| 13:55 | Flying Machine |
| 13:56 | Flying Machine |
| 14:12 | Flying Machine |
| 14:13 | Flying Machine |
| 14:14 | Gryphon Rider |
| 14:14 | Gryphon Rider |
| 14:37 | Peasant |
| 14:43 | Gryphon Rider |
| 14:58 | Iron Forged Swords |
| 15:01 | Steel Plating |
| 15:02 | Studded Leather Armor |
| 15:21 | Town Hall |
| 15:47 | Storm Bolt |
| 15:53 | Flying Machine |
| 16:25 | Flying Machine |
| 16:25 | Flying Machine |
| 16:27 | Workshop |
| 16:28 | Workshop |
| 16:30 | Imbued Gunpowder |
| 16:40 | Barrage |
| 16:53 | Scroll of Regeneration |
| 17:06 | Flying Machine |
| 17:06 | Flying Machine |
| 17:09 | Siege Engine |
| 17:11 | Siege Engine |
| 17:29 | Siege Engine |
| 17:49 | Town Hall |
| 18:31 | Siege Engine |
| 18:59 | Siege Engine |
| 19:20 | Town Hall |
| 19:25 | Town Hall |
| 19:58 | Steel Forged Swords |
| 20:59 | Town Hall |
| 21:29 | Siege Engine |
| 22:26 | Mithril Forged Swords |
| 22:27 | Mithril Plating |
| 23:54 | Gryphon Rider |
| 23:56 | Summon Water Elemental |
| 24:31 | Reinforced Leather Armor |
| 24:37 | Staff of Sanctuary |
| 24:59 | Scroll of Town Portal |
| 25:24 | Town Hall |
| 28:10 | Flying Machine |
| 28:21 | Town Hall |
| 28:35 | Flying Machine |
| 28:39 | Bash |
| 28:53 | Flying Machine |
| 29:07 | Scout Tower |
| 29:08 | Scout Tower |
| 29:09 | Scout Tower |
| 29:20 | Scout Tower |
| 29:22 | Scout Tower |
| 29:26 | Scout Tower |
| 29:28 | Scout Tower |
| 29:34 | Guard Tower |
| 29:41 | Guard Tower |
| 29:41 | Guard Tower |
| 29:52 | Scroll of Town Portal |
| 29:52 | Scroll of Town Portal |
| 29:58 | Guard Tower |
| 29:59 | Guard Tower |
| 30:05 | Guard Tower |
| 30:13 | Guard Tower |
| 30:21 | Flying Machine |
| 30:25 | Dragonhide Armor |
| 30:41 | Guard Tower |
| 31:54 | Gryphon Rider |
| 31:56 | Flying Machine |
| 32:14 | Flying Machine |
| 32:23 | Flying Machine |
| 32:48 | Gryphon Rider |
| 33:18 | Gryphon Rider |
| 35:01 | Town Hall |
| 37:47 | Gryphon Rider |
| 39:12 | Flying Machine |
| 39:14 | Flying Machine |
| 39:17 | Gryphon Rider |
| 39:18 | Gryphon Rider |
| 39:54 | Flying Machine |
| 39:54 | Flying Machine |
| 39:55 | Flying Machine |
| 40:17 | Dragonhawk Rider |
| 42:42 | Town Hall |
| 42:45 | Town Hall |
| 45:07 | Arcane Vault |
| 46:00 | Scroll of Regeneration |
| 46:16 | Scroll of Regeneration |
| 48:40 | Gryphon Rider |
| 48:41 | Gryphon Rider |
| 49:04 | Gryphon Rider |
| 49:41 | Gryphon Rider |
| 50:51 | Animal War Training |
| 51:52 | Mass Teleport |
| 51:59 | Dragonhawk Rider |
| 52:41 | Dragonhawk Rider |
| 52:48 | Dragonhawk Rider |
| 54:54 | Peasant |
| 55:16 | Gryphon Rider |
| 55:40 | Flying Machine Bombs |
| 57:33 | Staff of Sanctuary |
| Select group | 3273 |
| Right click | 2635 |
| Select | 746 |
| Misc. action | 548 |
| Build/train/purchase | 308 |
| Assign group | 302 |
| Use ability | 53 |
| Esc | 13 |
| Resource trade | 8 |
| Minimap ping | 4 |
| Item give/drop | 3 |
78 units @ 7.3k
/ 1.4k
92 buildings @ 6.2k
/ 3.1k


| Orb of Fire | 4 | 1300 |
| Staff of Sanctuary | 1 | 250 |
| Boots of Speed | 4 | 1000 |
| total: | 9 | 2550g |
| Peasant | 19 | 1425 | / | 0 |
| Flying Machine | 39 | 3900 | / | 1170 |
| Mortar Team | 2 | 360 | / | 140 |
| total: | 60 | 5685g | / | 1310w |
| Scout Tower | 15 | 450 | / | 300 |
| Arcane Tower | 1 | 70 | / | 50 |
| Guard Tower | 9 | 630 | / | 450 |
| Altar of Kings | 1 | 180 | / | 50 |
| Lumber Mill | 1 | 120 | / | 0 |
| Farm | 10 | 800 | / | 200 |
| Town Hall | 1 | 385 | / | 205 |
| Blacksmith | 1 | 140 | / | 60 |
| Arcane Vault | 1 | 130 | / | 30 |
| Workshop | 3 | 420 | / | 420 |
| Keep | 1 | 320 | / | 210 |
| Castle | 1 | 360 | / | 210 |
| total: | 33 | 2625g | / | 1265w |
| 0:02 | Peasant |
| 0:04 | Peasant |
| 0:11 | Peasant |
| 0:19 | Altar of Kings |
| 0:25 | Lumber Mill |
| 0:27 | Peasant |
| 0:33 | Farm |
| 0:34 | Peasant |
| 0:50 | Peasant |
| 0:54 | Farm |
| 0:58 | Peasant |
| 1:25 | Peasant |
| 1:27 | Scout Tower |
| 1:28 | Scout Tower |
| 1:30 | Peasant |
| 1:46 | Peasant |
| 1:49 | Scout Tower |
| 1:52 | Peasant |
| 1:56 | Arcane Tower |
| 1:59 | Improved Lumber Harvesting |
| 2:15 | Guard Tower |
| 2:17 | Scout Tower |
| 2:18 | Scout Tower |
| 2:24 | Storm Bolt |
| 2:32 | Peasant |
| 3:14 | Peasant |
| 3:14 | Peasant |
| 3:45 | Town Hall |
| 3:57 | Guard Tower |
| 3:58 | Peasant |
| 3:58 | Peasant |
| 4:10 | Scout Tower |
| 4:10 | Scout Tower |
| 4:50 | Guard Tower |
| 4:54 | Improved Masonry |
| 5:12 | Scout Tower |
| 5:17 | Keep |
| 5:20 | Peasant |
| 5:21 | Peasant |
| 5:21 | Peasant |
| 5:26 | Scout Tower |
| 5:32 | Guard Tower |
| 5:35 | Farm |
| 5:42 | Guard Tower |
| 5:49 | Scout Tower |
| 5:49 | Scout Tower |
| 5:50 | Scout Tower |
| 5:53 | Scout Tower |
| 5:54 | Scout Tower |
| 5:55 | Scout Tower |
| 6:07 | Guard Tower |
| 6:29 | Guard Tower |
| 6:43 | Guard Tower |
| 6:45 | Blacksmith |
| 6:48 | Guard Tower |
| 7:06 | Bash |
| 7:06 | Bash |
| 7:41 | Workshop |
| 7:43 | Workshop |
| 7:45 | Workshop |
| 7:47 | Black Gunpowder |
| 7:52 | Advanced Lumber Harvesting |
| 7:58 | Castle |
| 8:48 | Holy Light |
| 8:51 | Flak Cannons |
| 8:51 | Flare |
| 8:52 | Refined Gunpowder |
| 9:12 | Advanced Masonry |
| 9:21 | Flying Machine |
| 9:41 | Mortar Team |
| 9:47 | Farm |
| 9:51 | Farm |
| 9:52 | Farm |
| 9:53 | Farm |
| 10:49 | Farm |
| 10:50 | Farm |
| 10:51 | Farm |
| 11:20 | Flying Machine Bombs |
| 11:20 | Fragmentation Shards |
| 11:20 | Flying Machine |
| 11:22 | Flying Machine |
| 11:43 | Imbued Gunpowder |
| 11:44 | Iron Plating |
| 11:47 | Flying Machine |
| 11:49 | Flying Machine |
| 12:56 | Flying Machine |
| 12:56 | Flying Machine |
| 12:57 | Flying Machine |
| 12:57 | Flying Machine |
| 12:57 | Flying Machine |
| 12:57 | Flying Machine |
| 13:30 | Flying Machine |
| 13:41 | Imbued Masonry |
| 14:38 | Flying Machine |
| 14:38 | Flying Machine |
| 14:38 | Flying Machine |
| 14:51 | Steel Plating |
| 15:48 | Divine Shield |
| 15:49 | Holy Light |
| 16:30 | Flying Machine |
| 16:30 | Flying Machine |
| 16:30 | Flying Machine |
| 16:31 | Flying Machine |
| 16:34 | Divine Shield |
| 16:34 | Holy Light |
| 16:35 | Storm Bolt |
| 16:36 | Bash |
| 16:37 | Storm Bolt |
| 16:37 | Bash |
| 16:57 | Mithril Plating |
| 18:15 | Flying Machine |
| 19:52 | Flying Machine |
| 19:52 | Flying Machine |
| 19:52 | Flying Machine |
| 22:08 | Boots of Speed |
| 22:08 | Boots of Speed |
| 23:40 | Arcane Vault |
| 24:22 | Orb of Fire |
| 24:38 | Staff of Sanctuary |
| 24:44 | Divine Shield |
| 24:51 | Flying Machine |
| 24:51 | Flying Machine |
| 24:52 | Flying Machine |
| 24:55 | Flying Machine |
| 26:18 | Divine Shield |
| 28:44 | Storm Bolt |
| 28:45 | Storm Bolt |
| 29:08 | Orb of Fire |
| 29:23 | Flying Machine |
| 29:23 | Flying Machine |
| 29:23 | Flying Machine |
| 29:23 | Flying Machine |
| 29:23 | Flying Machine |
| 29:24 | Flying Machine |
| 29:25 | Flying Machine |
| 30:30 | Flying Machine |
| 31:46 | Avatar |
| 31:55 | Avatar |
| 31:56 | Holy Light |
| 31:57 | Holy Light |
| 32:06 | Mortar Team |
| 32:36 | Boots of Speed |
| 32:37 | Boots of Speed |
| 34:56 | Orb of Fire |
| 38:55 | Divine Shield |
| 39:25 | Divine Shield |
| 40:18 | Orb of Fire |
| 55:12 | Bash |
| 55:14 | Bash |
| 58:31 | Flying Machine |
| 58:32 | Flying Machine |
| 58:32 | Flying Machine |
| 60:11 | Flying Machine |
| 61:35 | Devotion Aura |
| 61:36 | Resurrection |
| 65:27 | Thunder Clap |
| 65:28 | Thunder Clap |
| Right click | 2741 |
| Select group | 890 |
| Select | 476 |
| Use ability | 186 |
| Misc. action | 170 |
| Build/train/purchase | 167 |
| Minimap ping | 21 |
| Assign group | 9 |
| Resource trade | 6 |
| Item give/drop | 3 |
| Esc | 2 |
| Remove unit | 1 |
Cabeelibob
(194)
(65:30) : 

| Peasant | 16 | 1200 | / | 0 |
| Dragonhawk Rider | 2 | 400 | / | 60 |
| total: | 18 | 1600g | / | 60w |
| Scout Tower | 47 | 1410 | / | 940 |
| Arcane Tower | 7 | 490 | / | 350 |
| Guard Tower | 29 | 2030 | / | 1450 |
| Altar of Kings | 1 | 180 | / | 50 |
| Farm | 4 | 320 | / | 80 |
| Lumber Mill | 2 | 240 | / | 0 |
| Arcane Vault | 1 | 130 | / | 30 |
| Town Hall | 3 | 1155 | / | 615 |
| Gryphon Aviary | 1 | 140 | / | 150 |
| Keep | 1 | 320 | / | 210 |
| Castle | 1 | 360 | / | 210 |
| total: | 59 | 3575g | / | 1865w |
| 0:05 | Altar of Kings |
| 0:07 | Peasant |
| 0:10 | Farm |
| 0:14 | Peasant |
| 0:24 | Peasant |
| 0:42 | Peasant |
| 0:55 | Lumber Mill |
| 0:58 | Peasant |
| 1:18 | Farm |
| 1:25 | Scout Tower |
| 1:27 | Peasant |
| 1:36 | Peasant |
| 1:47 | Peasant |
| 2:00 | Peasant |
| 2:07 | Improved Lumber Harvesting |
| 2:18 | Arcane Tower |
| 2:22 | Scout Tower |
| 2:24 | Peasant |
| 2:28 | Farm |
| 2:32 | Scout Tower |
| 2:36 | Peasant |
| 2:49 | Storm Bolt |
| 2:52 | Guard Tower |
| 3:03 | Guard Tower |
| 3:06 | Scout Tower |
| 3:08 | Improved Masonry |
| 3:24 | Scout Tower |
| 3:27 | Scout Tower |
| 3:29 | Scout Tower |
| 3:34 | Scout Tower |
| 3:36 | Peasant |
| 3:36 | Peasant |
| 3:36 | Peasant |
| 3:36 | Peasant |
| 3:38 | Guard Tower |
| 3:41 | Scout Tower |
| 3:49 | Scout Tower |
| 3:49 | Scout Tower |
| 3:54 | Arcane Tower |
| 3:58 | Guard Tower |
| 4:04 | Guard Tower |
| 4:07 | Guard Tower |
| 4:30 | Guard Tower |
| 4:36 | Peasant |
| 4:38 | Keep |
| 4:52 | Scout Tower |
| 4:55 | Arcane Tower |
| 5:13 | Scout Tower |
| 5:17 | Scout Tower |
| 5:21 | Scout Tower |
| 5:23 | Arcane Tower |
| 5:35 | Scout Tower |
| 5:36 | Scout Tower |
| 5:44 | Arcane Tower |
| 5:47 | Arcane Tower |
| 6:17 | Guard Tower |
| 6:25 | Guard Tower |
| 6:33 | Scout Tower |
| 6:35 | Scout Tower |
| 6:37 | Scout Tower |
| 7:02 | Scout Tower |
| 7:05 | Guard Tower |
| 7:07 | Scout Tower |
| 7:15 | Advanced Masonry |
| 7:29 | Castle |
| 7:37 | Scout Tower |
| 7:40 | Scout Tower |
| 7:43 | Guard Tower |
| 7:50 | Guard Tower |
| 8:09 | Guard Tower |
| 8:17 | Scout Tower |
| 8:18 | Scout Tower |
| 8:21 | Guard Tower |
| 8:33 | Holy Light |
| 8:51 | Guard Tower |
| 8:59 | Scout Tower |
| 9:03 | Scout Tower |
| 9:03 | Scout Tower |
| 9:22 | Gryphon Aviary |
| 9:28 | Arcane Vault |
| 9:44 | Guard Tower |
| 9:46 | Guard Tower |
| 9:48 | Scout Tower |
| 10:02 | Imbued Masonry |
| 10:12 | Guard Tower |
| 10:14 | Scout Tower |
| 10:15 | Arcane Tower |
| 10:22 | Scout Tower |
| 10:53 | Guard Tower |
| 10:55 | Guard Tower |
| 10:58 | Scout Tower |
| 11:01 | Scout Tower |
| 11:03 | Scout Tower |
| 11:18 | Cloud |
| 11:18 | Dragonhawk Rider |
| 11:19 | Dragonhawk Rider |
| 11:21 | Farm |
| 11:32 | Guard Tower |
| 11:34 | Scout Tower |
| 11:36 | Scout Tower |
| 11:46 | Scout Tower |
| 11:50 | Scout Tower |
| 11:51 | Scout Tower |
| 12:20 | Guard Tower |
| 12:27 | Scout Tower |
| 12:28 | Guard Tower |
| 13:01 | Guard Tower |
| 13:06 | Lumber Mill |
| 14:27 | Guard Tower |
| 18:18 | Town Hall |
| 18:29 | Scout Tower |
| 18:30 | Scout Tower |
| 18:33 | Scout Tower |
| 18:33 | Scout Tower |
| 18:35 | Scout Tower |
| 18:38 | Scout Tower |
| 19:03 | Guard Tower |
| 19:04 | Guard Tower |
| 19:06 | Guard Tower |
| 19:08 | Guard Tower |
| 21:55 | Town Hall |
| 28:52 | Town Hall |
| Right click | 2073 |
| Select group | 1393 |
| Select | 604 |
| Build/train/purchase | 93 |
| Misc. action | 56 |
| Assign group | 47 |
| Resource trade | 24 |
| Use ability | 10 |
| Esc | 5 |
| Minimap ping | 4 |
| Item give/drop | 2 |
| Remove unit | 1 |
⇛